 Dungeon Crawl Stone Soup version 0.28-a0-802-g09f76e8c00 (webtiles) character file.

Game seed: 14271534683147678689

12380 lessens the Basher (level 11, -10/102 HPs)
             Began as a Green Draconian Artificer on Nov 7, 2021.
             Was a Priest of Yredelemnul.
             Mangled by a boulder beetle (14 damage)
             ... on level 11 of the Dungeon.
             The game lasted 00:26:14 (16240 turns).

lessens the Basher (Green Draconian Artificer)     Turns: 16240, Time: 00:26:15

Health: -10/102    AC:  9    Str: 17    XL:     11   Next: 61%
Magic:  14/14      EV: 16    Int: 12    God:    Yredelemnul [***...]
Gold:   30         SH:  0    Dex: 12    Spells: 10/10 levels left

rFire   . . .      SeeInvis .   K - +2 demon whip (flame)
rCold   . . .      Faith    .   (no shield)
rNeg    . . .      Spirit   .   (armour unavailable)
rPois   +          Reflect  .   (helmet restricted)
rElec   .          Harm     .   h - +1 cloak
rCorr   .          Rampage  .   (no gloves)
Will    +....                   (no boots)
Stlth   +.........              (no amulet)
HPRegen 0.27/turn               j - +4 ring of evasion
MPRegen 0.14/turn               p - ring of willpower

@: studying Fighting
A: breathe noxious fumes, AC +7, unfitting armour, poison resistance,
cold-blooded
a: Breathe Noxious Fumes, Renounce Religion, Recall Undead Slaves, Injury
Mirror, Animate Dead


You were on level 11 of the Dungeon.
You worshipped Yredelemnul.
Yredelemnul was most pleased with you.
You visited 1 branch of the dungeon, and saw 11 of its levels.

You collected 552 gold pieces.
You spent 522 gold pieces at shops.

Inventory:

Hand Weapons
 a - a +0 club
 f - a +0 flail
 C - a +3 battleaxe
 K - a +2 demon whip of flaming (weapon)
Missiles
 i - 241 stones
 l - 7 boomerangs
 q - 45 poisoned darts
 s - 2 throwing nets
Armour
 h - a +1 cloak (worn)
 D - a +0 pair of boots
Jewellery
 j - a +4 ring of evasion (left hand)
 p - a ring of willpower (right hand)
 z - a +4 ring of evasion
 E - a ring of protection from cold
Wands
 b - a wand of flame (28) (quivered)
 c - a wand of charming (4)
 J - a wand of mindburst (4)
Scrolls
 e - 7 scrolls of identify
 m - 2 scrolls of magic mapping
 n - a scroll of immolation
 r - a scroll of teleportation
 y - a scroll of brand weapon {unknown}
 A - a scroll of blinking {unknown}
 B - a scroll of acquirement {unknown}
 G - 2 scrolls of amnesia {unknown}
 H - a scroll of holy word {unknown}
 L - a scroll of vulnerability {unknown}
Potions
 g - a potion of magic {unknown}
 k - a potion of lignification
 t - 3 potions of invisibility {unknown}
 v - a potion of cancellation {unknown}
 w - a potion of attraction {unknown}
 x - a potion of might {unknown}
 F - a potion of degeneration {unknown}
 I - a potion of curing
Miscellaneous
 d - a piece from Xom's chessboard (8/15)


   Skills:
 + Level 11.1 Fighting
 * Level 11.6(13.7) Axes
 - Level 11.9(13.9) Maces & Flails
 - Level 2.1 Dodging
 - Level 0.8 Stealth
 - Level 5.0 Invocations
 - Level 3.0 Evocations


You had 10 spell levels left.
You didn't know any spells.
Your spell library contained the following spells:

 Spells                   Type           Power      Damage    Failure   Level
 Animate Skeleton         Necr           0%         N/A       32%         1
 Magic Dart               Conj           0%         1d3       32%         1
 Pain                     Necr           0%         1d4       32%         1
 Shock                    Conj/Air       0%         1d3       32%         1
 Call Imp                 Summ           0%         N/A       45%         2
 Corpse Rot               Necr/Air       0%         N/A       45%         2
 Poisonous Vapours        Pois/Air       0%         N/A       45%         2
 Searing Ray              Conj           0%         2d4       45%         2
 Sublimation of Blood     Necr           0%         N/A       45%         2
 Ignite Poison            Fire/Tmut/Pois 0%         N/A       69%         3
 Mephitic Cloud           Conj/Pois/Air  0%         N/A       69%         3
 Swiftness                Air            0%         N/A       69%         3
 Vampiric Draining        Necr           0%         2d6       69%         3
 Airstrike                Air            0%         N/A       97%         4
 Ice Form                 Ice/Tmut       0%         N/A       97%         4
 Petrify                  Tmut/Erth      0%         N/A       97%         4
 Fireball                 Conj/Fire      0%         3d3       100%        5
 Freezing Cloud           Conj/Ice/Air   0%         6-21      100%        5
 Irradiate                Conj/Tmut      0%         3d13      100%        5
 Conjure Ball Lightning   Conj/Air       0%         3x3d6     100%        6


Dungeon Overview and Level Annotations

Branches:
Dungeon (11/15)            Temple (0/1) D:4            Lair (0/6) D:10
    Orc (0/2) D:10

Altars:
Elyvilon
Yredelemnul

Shops:
D:2 (   D:8 :*   D:9 =   D:11 *


Innate Abilities, Weirdness & Mutations

You can breathe blasts of noxious fumes.
Your lurid green scales are hard. (AC +7)
You cannot fit into any form of body armour.
Your system is resistant to poisons. (rPois)
You are cold-blooded and may be slowed by cold attacks.


Message History

A boulder beetle comes into view.
A centaur warrior zombie comes into view.
A centaur comes into view.
The centaur shouts!
The centaur wields a +0 shortbow.
The centaur shoots an arrow.
The arrow barely misses you.
The centaur shoots an arrow.
The arrow completely misses you.
The centaur shoots an arrow.
The arrow hits you but does no damage.
A centaur comes into view.
The centaur shoots an arrow.
The arrow hits you.
The centaur shouts!
The centaur wields a +3 shortbow of freezing.
It is covered in frost.
The centaur shoots an arrow.
The arrow misses you.
The centaur shoots an arrow.
The arrow hits you!
The centaur shoots an arrow.
The arrow hits you but does no damage.
The centaur shoots an arrow.
The arrow barely misses you.
The centaur shoots an arrow.
The arrow misses you.
The centaur shoots an arrow.
The arrow completely misses you.
The boulder beetle curls into a ball and begins rolling!
The centaur shoots an arrow.
The arrow misses you.
The centaur shoots an arrow.
The arrow closely misses you.
The centaur shoots an arrow.
The arrow completely misses you.
The centaur shoots an arrow.
The arrow hits you!
The centaur shoots an arrow.
The arrow hits you.
The centaur shoots an arrow.
The arrow hits you but does no damage.
The centaur wields a +4 shortbow.
The centaur shoots an arrow.
The arrow hits you!
The centaur shoots an arrow.
The arrow hits you.
You feel yourself slow down. The arrow freezes you.
The centaur shoots an arrow.
The arrow misses you.
The centaur shoots an arrow.
The arrow hits you.
The centaur shoots an arrow.
The arrow hits you but does no damage.
The centaur shoots an arrow.
The arrow barely misses you.
The centaur shoots an arrow.
The arrow barely misses you.
You feel yourself speed up.
The centaur shoots an arrow.
The arrow hits you. The boulder beetle hits you!!
* * * LOW HITPOINT WARNING * * *
The boulder beetle stops rolling and uncurls.
The boulder beetle bites you!
You die...
Your body rises from the dead as a mindless zombie.

#....#....#
#...###...#
##...###...#
#..........# #...
#........<.# #...
+..........#
#...####'########
#.).#......#
#...#..@...#
#...#..B...#
#...[.c...#
#..$.c°...#
#.....c...#
#....Zcc..#
#.#........#
#.##........# #.#
#........#


You could see a boulder beetle, 5 centaurs and a centaur warrior zombie.

Vanquished Creatures
  2 two-headed ogres
  Erica (D:8)
  Joseph (D:7)
  A centaur zombie (D:10)
  Maggie (D:7)
  2 trolls
  Grinder (D:4)
  2 shadows
  A wraith (D:6)
  23 yaks
  A wyvern (D:10)
  A steam dragon (D:8)
  2 basilisks (D:10)
  Eustachio (D:5)
  An acid dragon (D:10)
  A water moccasin (D:7)
  3 orc warriors
  A black bear (D:7)
  3 sky beasts
  4 centaurs
  2 ogres (D:5)
  A phantom (D:5)
  4 bullfrogs
  A kobold brigand (D:5)
  2 scorpions
  A water moccasin skeleton (D:6)
  3 killer bees (D:6)
  6 wights
  3 orc priests
  A centaur skeleton (D:7)
  4 hounds
  A scorpion zombie (D:5)
  3 bullfrog skeletons
  2 iguanas
  9 orc wizards
  A killer bee zombie (D:6)
  2 hound skeletons
  9 gnolls
  4 adders
  2 shadow imps
  A white imp (D:7)
  2 adder skeletons (D:4)
  3 worms
  2 dart slugs (D:1)
  36 orcs
  4 endoplasms
  2 giant cockroaches (D:4)
  5 goblins
  9 hobgoblins
  3 jackals (D:1)
  12 kobolds
  3 quokkas
  8 ball pythons
  2 basilisk zombies (D:10)
  5 bats
  A frilled lizard (D:1)
  An orc zombie (D:10)
  5 rats
218 creatures vanquished.

Vanquished Creatures (collateral kills)
  A centaur warrior (D:10)
  3 yaks
  A black bear (D:6)
  3 wights
  2 centaur zombies
  Crazy Yiuf (D:4)
  An orc (D:4)
  A bat (D:1)
  An endoplasm (D:1)
14 creatures vanquished.

Vanquished Creatures (others)
  A yak (D:10)
  3 wights
  2 orc wizards
  A mummy (D:11)
  2 bullfrog zombies (D:8)
  A troll zombie (D:10)
  A yak zombie (D:8)
  A steam dragon zombie (D:8)
  An adder zombie (D:4)
  A giant cockroach zombie (D:4)
  2 gnoll skeletons (D:4)
  A goblin zombie (D:4)
  3 kobold zombies (D:5)
  6 orc zombies (D:8)
26 creatures vanquished.

Grand Total: 258 creatures vanquished

Notes
Turn   | Place    | Note
-------+----------+-------------------------------------------
     0 | D:1      | lessens the Draconian Artificer began the quest for the
                  | Orb.
     0 | D:1      | Reached XP level 1. HP: 16/16 MP: 1/1
   107 | D:1      | Reached skill level 1 in Maces & Flails
   534 | D:1      | Reached XP level 2. HP: 21/23 MP: 2/2
  1261 | D:1      | Reached XP level 3. HP: 28/28 MP: 3/3
  1407 | D:2      | Found Hiclem's Antique Weapon Shoppe.
  2118 | D:2      | Found a basalt altar of Yredelemnul.
  2128 | D:2      | Became a worshipper of Yredelemnul the Dark
  2298 | D:2      | Reached XP level 4. HP: 15/35 MP: 4/4
  2894 | D:3      | Found a white marble altar of Elyvilon.
  3049 | D:3      | Noticed a scorpion
  3057 | D:3      | Killed a scorpion
  3058 | D:3      | Reached XP level 5. HP: 39/40 MP: 5/5
  3731 | D:4      | Reached skill level 5 in Maces & Flails
  3760 | D:4      | Noticed Grinder
  3768 | D:4      | Killed Grinder
  3769 | D:4      | Reached XP level 6. HP: 47/47 MP: 6/6
  4030 | D:4      | Reached * piety under Yredelemnul
  4309 | D:4      | Found a staircase to the Ecumenical Temple.
  4466 | D:4      | Noticed an orc warrior
  4487 | D:4      | Killed an orc warrior
  4488 | D:4      | Your scales start taking on a lurid green colour.
  4488 | D:4      | Reached XP level 7. HP: 52/52 MP: 7/7
  4488 | D:4      | Gained mutation: Your system is resistant to poisons.
                  | (rPois) [Green Draconian growth]
  4804 | D:4      | Identified the +4 glaive of Neurosis {drain, Contam +Blink
                  | rPois rCorr Dex+5}
  4990 | D:4      | Noticed a yak
  5008 | D:4      | Killed a yak
  5036 | D:4      | Noticed a yak
  5037 | D:4      | Noticed a yak
  5060 | D:4      | Killed a yak
  5080 | D:4      | Killed a yak
  5081 | D:4      | Reached XP level 8. HP: 28/59 MP: 8/8
  5610 | D:4      | Found a runed translucent door.
  5611 | D:4      | Noticed Crazy Yiuf
  5624 | D:4      | Killed Crazy Yiuf
  5703 | D:5      | Entered Level 5 of the Dungeon
  5847 | D:5      | Reached skill level 10 in Maces & Flails
  6362 | D:5      | Noticed Eustachio
  6386 | D:5      | Killed Eustachio
  6988 | D:6      | Reached XP level 9. HP: 53/67 MP: 9/9
  7288 | D:6      | Reached ** piety under Yredelemnul
  7392 | D:6      | Reached skill level 1 in Axes
  8359 | D:6      | Reached skill level 1 in Invocations
  8444 | D:7      | Got the Tome of the Postmodern Spirits
  8798 | D:7      | Noticed Joseph
  8821 | D:7      | Killed Joseph
  9073 | D:7      | Noticed Maggie
  9092 | D:7      | Killed Maggie
  9093 | D:7      | Reached skill level 5 in Axes
  9836 | D:7      | Identified the +5 dagger "Glorpo" {freeze, rF+ Str+2}
 10274 | D:8      | Noticed Erica
 10627 | D:8      | Reached XP level 10. HP: 61/70 MP: 13/13
 10831 | D:8      | Killed Erica
 10880 | D:8      | Found Neteqad's Book Boutique.
 10881 | D:8      | Found Kavusm's Assorted Antiques.
 10952 | D:8      | Reached skill level 5 in Invocations
 10985 | D:8      | Reached *** piety under Yredelemnul
 11214 | D:8      | Reached skill level 5 in Fighting
 11278 | D:8      | HP: 3/83 [yak (12)]
 12778 | D:9      | Found Daothuli's Jewellery Emporium.
 12835 | D:9      | Noticed a two-headed ogre
 13155 | D:9      | Received a gift from Yredelemnul (a wight)
 13274 | D:9      | Reached XP level 11. HP: 88/95 MP: 14/14
 13553 | D:9      | Killed a two-headed ogre
 13554 | D:9      | Reached skill level 10 in Axes
 13913 | D:10     | Entered Level 10 of the Dungeon
 14156 | D:10     | Noticed a centaur warrior
 14167 | D:10     | Killed a centaur warrior
 14172 | D:10     | Found a staircase to the Orcish Mines.
 14624 | D:10     | Reached skill level 10 in Fighting
 14744 | D:10     | Noticed a two-headed ogre
 14745 | D:10     | Found a staircase to the Lair.
 15559 | D:2      | Bought a glowing demon whip for 522 gold pieces
 15800 | D:11     | Received a gift from Yredelemnul (a mummy)
 15892 | D:10     | Killed a two-headed ogre
 16012 | D:11     | Found Jeppek's Assorted Antiques.
 16082 | D:11     | Noticed a seven-headed hydra
 16231 | D:11     | Noticed a boulder beetle
 16240 | D:11     | HP: 4/102 [boulder beetle (33)]
 16240 | D:11     | Mangled by a boulder beetle

Illustrated notes

Levels and vault maps discovered:
D:1:      nzn_arrival_water_spiral, layout_basic, minivault_14
D:2:      layout_basic, serial_shops, nicolae_shop_stone, basic_altar
D:3:      layout_rooms, elyvilon_altar_5
D:4:      layout_loops_corners, minmay_temple_entry_purple_smoke,
          dk_noncrumbling_4, serial_park_tiny_pond, uniq_crazy_yiuf_cottage,
          uniq_grinder
D:5:      layout_rooms, uniq_eustachio
D:6:      layout_rooms
D:7:      black_bear_nest_1, layout_layer_cave, serial_co_window_serial,
          co_window_paths_b, co_window_paths_a, co_window_paths_a,
          co_window_of_opportunity_a, co_window_of_opportunity_a,
          co_window_corner_a, co_window_paths_a, co_window_paths_c,
          co_window_corner_b, co_window_corner_ca, co_window_paths_c,
          co_window_2corner, glass_columns_a, glass_columns_c,
          grunt_ministairs_3, uniq_maggie, uniq_joseph
D:8:      layout_basic, minivault_24, nicolae_wooded_promenade,
          grunt_ministairs_13, uniq_erica
D:9:      layout_rooms, serial_shops, shop_fountains, minmay_stone_trees_medium,
          chequers_serial_rivers_small_b
D:10:     layout_long_grid, david_lair_generic, david_orc_3, grunt_ministairs_12
D:11:     minmay_ornate_pinched, layout_gridville, serial_shops, shop_fountains,
          shop, nicolae_inconvenience_store, nicolae_stop_n_shop_2,
          nicolae_take_the_stairs, nicolae_wu_jian_immortal_techniques,
          uniq_maurice

Skill      XL: |  1  2  3  4  5  6  7  8  9 10 11 |
---------------+----------------------------------+-----
Maces & Flails | 1 2 3 4 6 7 9 11 | 11.9
Fighting       | 2 4 8 11 | 11.1
Axes           | 6 9 11 | 11.6
Invocations    | 4 5 |  5.0
Dodging        | |  2.1
Stealth        | |  0.8
Evocations     | |  3.0

Action                   |  1- 3 |  4- 6 |  7- 9 | 10-12 || total
-------------------------+-------+-------+-------+-------++-------
Melee: Club              |    67 |       |       |   143 ||   210
       Tailslap          |    15 |    15 |    72 |    63 ||   165
       Flail             |    83 |   126 |   307 |       ||   516
       Battleaxe         |       |       |   154 |   119 ||   273
       Demon whip        |       |       |       |    29 ||    29
Invok: Animate Remains   |       |     5 |    10 |       ||    15
       Animate Dead      |       |       |       |    10 ||    10
 Abil: Breathe Noxious F |       |       |     6 |    18 ||    24
Evoke: Wand              |     5 |     4 |     7 |    16 ||    32
       Piece from Xom's  |     3 |     1 |    18 |     3 ||    25
  Use: Potion            |       |     6 |     5 |     1 ||    12
       Scroll            |       |       |     3 |     4 ||     7
 Stab: Sleeping          |     2 |     2 |     2 |       ||     6
       Petrified         |     6 |       |    13 |       ||    19
       Paralysed         |       |     4 |     7 |       ||    11
       Confused          |       |       |     4 |    27 ||    31
       Petrifying        |       |       |     1 |       ||     1
Armor: Skin              |    54 |    24 |   178 |    64 ||   320
Dodge: Dodged            |   122 |    72 |   357 |   196 ||   747

Table legend: (Time is in decaauts)
 A = Elapsed time spent in this place.
 B = Non-inter-level travel time spent in this place.
 C = Inter-level travel time spent in this place.
 D = Time resting spent in this place.
 E = Time spent auto-exploring this place.
 F = Levels seen in this place.
 G = Mean time per level.
                   A        B        C        D        E       F      G
               +--------+--------+--------+--------+--------+-----+--------+
         Total |  16266 |  15243 |   1023 |    313 |  12500 |  11 | 1478.7 |
       Dungeon |  16266 |  15243 |   1023 |    313 |  12500 |  11 | 1478.7 |
               +--------+--------+--------+--------+--------+-----+--------+

Top non-repeatable levels by time:
     D:8: 2471 daAuts
     D:7: 2057 daAuts
     D:4: 1980 daAuts
    D:10: 1896 daAuts
     D:2: 1714 daAuts
     D:6: 1541 daAuts
     D:1: 1431 daAuts
     D:5: 1267 daAuts
     D:9: 1070 daAuts
     D:3: 702 daAuts
    D:11: 132 daAuts
